 Dungeon Crawl Stone Soup version 0.31-a0-728-g01b46875f1 (webtiles) character file.

Game seed: 5214874528379163218

56 subawu the Ruffian (level 3, -6/26 HPs)
             Began as a Demonspawn Shapeshifter on Sept 11, 2023.
             Mangled by a gnoll
             ... wielding a +1 heavy spear
              (9 damage)
             ... on level 2 of the Dungeon.
             The game lasted 00:04:25 (1162 turns).

subawu the Ruffian (Demonspawn Shapeshifter)        Turns: 1162, Time: 00:04:26

Health: -6/26      AC:  3    Str: 16    XL:     3   Next: 69%
Magic:  3/3        EV: 12    Int: 11    God:
Gold:   68         SH:  0    Dex: 12    Spells: 2/2 levels left

rFire   . .          .
                       - Unarmed
rCold   . . .        (no shield)
rNeg    . . .        t - +0 leather armour
rPois   .            (helmet currently unavailable)
rElec   .            (cloak currently unavailable)
rCorr   .            e - melded +0 pair of gloves
SInv    .            (boots currently unavailable)
Will    .....        (no amulet)
Stlth   +            (no ring)
HPRegen 0.24/turn    (no ring)
MPRegen 0.08/turn

%: no passive effects
@: beast-form
A: beast (slay +1), demonic guardian 1, spiny 1
a: Begin Untransformation


You were on level 2 of the Dungeon.
You were a hulking beast.
You visited 1 branch of the dungeon, and saw 2 of its levels.

You collected 68 gold pieces.

Inventory:

Hand Weapons
 q - a +0 dagger
Missiles
 k - 25 stones
Armour
 a - a +0 animal skin
 e - a +0 pair of gloves (melded)
 t - a +0 leather armour (worn)
 u - a +0 robe
Jewellery
 l - a ring of ice
Talismans
 c - a beast talisman (active)
 d - a flux talisman
Scrolls
 f - 2 scrolls of poison {unknown}
 h - 3 scrolls of identify {unknown}
 i - a scroll of blinking {unknown}
 j - a scroll of amnesia {unknown}
 n - a scroll of revelation {unknown}
 p - a scroll of teleportation {unknown}
 r - a scroll of vulnerability {unknown}
 s - a scroll of noise {unknown}
Potions
 b - a potion of lignification
 g - a potion of heal wounds {unknown}
 m - a potion of curing {unknown}
 o - a potion of berserk rage {unknown}


   Skills:
 + Level 1.1 Fighting
 + Level 2.1 Dodging
 + Level 0.1 Stealth
 + Level 3.5 Unarmed Combat
 + Level 3.1 Shapeshifting


You had 2 spell levels left.
You didn't know any spells.
Your spell library was empty.

Dungeon Overview and Level Annotations

Branches:
Dungeon (2/15)

Altars:

Shops:
D:1 =


Innate Abilities, Weirdness & Mutations

You are a hulking beast.
Your limbs bulge with bestial killing power. (Slay +1)
A weak demonic guardian rushes to your aid.
You are partially covered in sharp spines.


Message History

The gnoll shouts! x2; You hear a shout! x2
A gnoll comes into view. It is wielding a +0 flail.
A gnoll comes into view. It is wielding a +0 whip.
The gnoll shouts!
The gnoll attacks as it pursues you! The gnoll is struck by your spines.
The gnoll barely misses you. The gnoll attacks as it pursues you!
The gnoll is struck by your spines. The gnoll closely misses you.
The gnoll is struck by your spines. The gnoll hits you with a +0 flail!
A demonic guardian appears!
Your quasit barely misses the gnoll. x3
The gnoll attacks as it pursues you! The gnoll hits you with a +0 flail.
Your quasit bites the gnoll but does no damage.
Your quasit closely misses the gnoll. x2; The gnoll barely misses your quasit.
Your quasit bites the gnoll.
Your quasit claws the gnoll but does no damage.
Your quasit closely misses the gnoll.
The gnoll attacks as it pursues you! The gnoll is struck by your spines.
You kill the gnoll!
Your quasit closely misses the gnoll.
Your quasit misses the gnoll.
Your quasit closely misses the gnoll.
The gnoll completely misses your quasit.
Your quasit closely misses the gnoll.
Your quasit claws the gnoll but does no damage.
Your quasit barely misses the gnoll.
Your quasit barely misses the gnoll.
Your quasit claws the gnoll but does no damage.
Your quasit claws the gnoll.
Your quasit bites the gnoll.
Your quasit closely misses the gnoll.
Your quasit claws the gnoll but does no damage.
The gnoll closely misses you.
Your quasit bites the gnoll.
Your quasit claws the gnoll but does no damage. x2
You swap places.
The gnoll hits you with a +1 heavy spear!
* * * LOW HITPOINT WARNING * * *
You barely miss the gnoll.
The gnoll is heavily wounded.
You swap places.
The gnoll hits you from afar with a +1 heavy spear!
You die...

#.# #.# #.# #.#### ##....
###############..########
.........................
#######.##..####..#########
#gg5h##..##..........
#####.##......#..†.......
#.........##..#.....#####
#.###g#..##..##.###.#####
#g#..#..##..##.......
#########g##.#.......#..#####
#..g.gg...##.##..##..#.......
#.#########...####...#...###.
#.# .#............###.


You could see 2 gnolls and a friendly quasit (summoned).

Vanquished Creatures
  A gnoll (D:2)
  3 dart slugs
  4 bats
  3 endoplasms (D:1)
  2 giant cockroaches
  5 hobgoblins (D:1)
  A quokka (D:2)
  A ball python (D:1)
  4 frilled lizards
  7 goblins
  3 kobolds (D:1)
  A rat (D:2)
35 creatures vanquished.

Vanquished Creatures (collateral kills)
  An endoplasm (D:1)
  A ball python (D:1)
2 creatures vanquished.

Grand Total: 37 creatures vanquished

Notes
Turn   | Place    | Note
-------+----------+-------------------------------------------
     0 | D:1      | subawu the Demonspawn Shapeshifter began the quest for the
                  | Orb.
     0 | D:1      | Reached XP level 1. HP: 15/15 MP: 1/1
   146 | D:1      | Found Hiontal's Jewellery Shoppe.
   199 | D:1      | Gained mutation: A weak demonic guardian rushes to your
                  | aid. [demonic ancestry]
   199 | D:1      | Reached XP level 2. HP: 20/21 MP: 2/2
   679 | D:1      | Gained mutation: You are partially covered in sharp spines.
                  | [demonic ancestry]
   679 | D:1      | Reached XP level 3. HP: 20/26 MP: 3/3
   915 | D:1      | Found a faded altar of an unknown god.
  1162 | D:2      | Mangled by a gnoll

Illustrated notes

Levels and vault maps discovered:
D:1:      onia_arrival_pentagram, layout_basic, serial_shops,
          nicolae_shop_gaudy_bauble, hellmonk_ecumenical_altar_prayer_group,
          minmay_hedge_maze, due_unseen_surprise
D:2:      layout_basic, minmay_close_crescents, uniq_jessica

Skill      XL: |  1  2 |
---------------+-------+-----
Shapeshifting  | 3 |  3.1
Unarmed Combat | 3 |  3.5
Dodging        | 2 |  2.1
Fighting       | |  1.1
Stealth        | |  0.1

Action                     || total
---------------------------++-------
  Melee: Unarmed           ||   122
   Stab: Sleeping          ||     1
 Armour: Animal skin       ||    42
         Leather armour    ||    13
  Dodge: Dodged            ||    57
         Form:             ||     1
         Beast             ||     1

Table legend: (Time is in decaauts)
 A = Elapsed time spent in this place.
 B = Non-inter-level travel time spent in this place.
 C = Inter-level travel time spent in this place.
 D = Time resting spent in this place.
 E = Time spent auto-exploring this place.
 F = Levels seen in this place.
 G = Mean time per level.
                   A        B        C        D        E       F      G
               +--------+--------+--------+--------+--------+-----+--------+
         Total |   1154 |   1144 |     10 |      0 |    601 |   2 |  577.0 |
       Dungeon |   1154 |   1144 |     10 |      0 |    601 |   2 |  577.0 |
               +--------+--------+--------+--------+--------+-----+--------+

Top non-repeatable levels by time:
     D:1: 997 daAuts
     D:2: 157 daAuts
